 Dungeon Sprint DCSS version 0.23-a0-694-g178e528 (webtiles) character file.

4 TheOrbIsALie the Magician (level 1, -2/19 HPs)
             Began as a Demonspawn Wizard on Jan 11, 2019.
             Was an Initiate of Sif Muna.
             Slain by a gnoll
             ... wielding a +0 spear
              (3 damage)
             ... in the Dungeon (Sprint VII: "The Pits").
             The game lasted 00:01:01 (150 turns).

TheOrbIsALie the Magician (Demonspawn Wizard)        Turns: 150, Time: 00:01:01

Health: -2/19      AC:  2    Str: 12    XL:     1   Next: 50%
Magic:  3/5        EV: 12    Int: 19    God:    Sif Muna [......]
Gold:   0          SH:  0    Dex: 11    Spells: 7/8 levels left

rFire    . . .     SeeInvis .   o - +2 quarterstaff
rCold    . . .     Gourm    .   (shield currently unavailable)
rNeg     . . .     Faith    .   a - +0 robe
rPois    .         Spirit   .   b - +0 hat
rElec    .         Reflect  .   (no cloak)
rCorr    .         Harm     .   (no gloves)
MR       .....     NoTele   +   (no boots)
Stlth    ..........             (no amulet)
HPRegen  0.06/turn              (no ring)
MPRegen  0.09/turn              (no ring)

@: berserking, very quick
A: no striking features
a: Renounce Religion


You were in the Dungeon.
You worshipped Sif Muna.
Sif Muna was noncommittal.
You were not hungry.

You visited 1 branch

Inventory:

Hand Weapons
 o - a +2 quarterstaff (weapon)
Armour
 a - a +0 robe (worn)
 b - a +0 hat (worn)
Magical Staves
 n - an uncursed staff of energy
Scrolls
 j - a scroll of blinking
 k - 3 scrolls of remove curse
 l - 5 scrolls of amnesia
 m - a scroll of summoning
Potions
 c - 2 potions of invisibility
 e - a potion of curing
 f - a potion of heal wounds
 g - a potion of haste
 h - 4 potions of magic
 i - 2 potions of berserk rage
Comestibles
 d - 9 rations


   Skills:
 + Level 1.8 Dodging
 + Level 1.8 Stealth
 + Level 4.1 Spellcasting
 + Level 1.0 Conjurations
   Level 1.0 Summonings
   Level 0.8 Translocations


You had 7 spell levels left.
You knew the following spells:

 Your Spells              Type           Power        Failure   Level  Hunger
a - Magic Dart            Conj           #...         9%          1    None

Your spell library contained the following spells:

 Spells                   Type           Power        Failure   Level  Hunger
 Blink                    Tloc           N/A          14%         2    ##.....
 Call Imp                 Summ           #.......     14%         2    ##.....
 Slow                     Hex            #.......     21%         2    ##.....
 Conjure Flame            Conj/Fire      #.......     32%         3    ###....
 Mephitic Cloud           Conj/Pois/Air  #.......     34%         3    ###....


Dungeon Overview and Level Annotations

Branches:
Dungeon (1/1)

Altars:
Ashenzari
Cheibriados
Dithmenos
Elyvilon
Fedhas
Gozag
Hepliaklqana
Kikubaaqudgha
Makhleb
Nemelex Xobeh
Okawaru
Qazlal
Ru
Sif Muna
Trog
Uskayaw
Vehumet
Wu Jian
Xom
Yredelemnul
Zin
The Shining One
Beogh
Jiyva
Lugonu


Message History

Confirm with . or Enter, or press ? or * to list all spells.
Aiming: Magic Dart (safe; 9% risk of failure)
Press: ? - help, Shift-Dir - straight line, f - gnoll
Aim: a gnoll, wielding a +0 spear The magic dart hits the gnoll.
The gnoll is lightly wounded.
The gnoll barely misses you.
Casting: Magic Dart (safe; 9% risk of failure)
Confirm with . or Enter, or press ? or * to list all spells.
Aiming: Magic Dart (safe; 9% risk of failure)
Press: ? - help, Shift-Dir - straight line, f/p - gnoll
Aim: a gnoll, wielding a +0 spear (lightly wounded)
The magic dart hits the gnoll.
The gnoll is moderately wounded.
The gnoll hits you from afar with a +0 spear.
* * * LOW HITPOINT WARNING * * *
A red film seems to cover your vision as you go berserk!
You feel yourself moving faster!
You feel mighty!
The gnoll hits you from afar with a +0 spear.
You die...

########### _________.#
_________.#
_______...###########++
##########'##...........
#.?(.')))'.##......#..#
##########.##..........
#.......@...'...........
+#####'#####......#..#.
#g.# #...........
#..'[.+ ####'#####+
##+#### #.......#
#.......# #.......#
#...<...# #.......#


You could see a gnoll.

Vanquished Creatures
  An orc (D)
  A quokka (D)
  A rat (D)
3 creatures vanquished.

Notes
Turn   | Place    | Note
-------+----------+-------------------------------------------
     0 | D        | TheOrbIsALie the Demonspawn Wizard began the quest for the
                  | Orb.
     0 | D        | Reached XP level 1. HP: 13/13 MP: 4/4
    43 | D        | Found a glowing golden altar of the Shining One.
    43 | D        | Found a glowing silver altar of Zin.
    43 | D        | Found a basalt altar of Yredelemnul.
    43 | D        | Found a shimmering altar of Xom.
    43 | D        | Found an ornate altar of the Wu Jian Council.
    43 | D        | Found a bloodstained altar of Trog.
    43 | D        | Found a deep blue altar of Sif Muna.
    43 | D        | Found a sacrificial altar of Ru.
    43 | D        | Found a stormy altar of Qazlal.
    43 | D        | Found an iron altar of Okawaru.
    43 | D        | Found a sparkling altar of Nemelex Xobeh.
    43 | D        | Found a burning altar of Makhleb.
    43 | D        | Found a viscous altar of Jiyva.
    43 | D        | Found a hazy altar of Hepliaklqana.
    43 | D        | Found an opulent altar of Gozag.
    43 | D        | Found a blossoming altar of Fedhas.
    43 | D        | Found a white marble altar of Elyvilon.
    43 | D        | Found a shadowy altar of Dithmenos.
    43 | D        | Found a snail-covered altar of Cheibriados.
    45 | D        | Found a corrupted altar of Lugonu.
    45 | D        | Found a radiant altar of Vehumet.
    45 | D        | Found a roughly hewn altar of Beogh.
    46 | D        | Found a shattered altar of Ashenzari.
    46 | D        | Found an ancient bone altar of Kikubaaqudgha.
    46 | D        | Found a hide-covered altar of Uskayaw.
    48 | D        | Became a worshipper of Sif Muna the Loreminder
   118 | D        | Reached skill level 4 in Spellcasting
   150 | D        | Slain by a gnoll

Vault maps used:
D:        pitsprint

Skill      XL: |  1 |
---------------+----+-----
Spellcasting   | 4 |  4.1
Dodging        | |  1.8
Stealth        | |  1.8
Conjurations   | |  1.0
Summonings     | |  1.0
Translocations | |  0.8

Action                   || total
-------------------------++-------
Melee: Quarterstaff      ||     4
 Cast: Magic Dart        ||     7
  Use: Potion            ||     1
Armor: Robe              ||     2
Dodge: Dodged            ||     2

Table legend:
 A = Non-vault XP
 B = Vault XP
 C = Vault XP percentage of total XP
 D = Non-vault monster count
 E = Vault monster count
 F = Vault count percentage of total count
                 A         B        C        D         E       F
            +---------+---------+-------+---------+---------+-------
      Total |       0 |       6 | 100.0 |       0 |       3 | 100.0
            +---------+---------+-------+---------+---------+-------
          D |       0 |       6 | 100.0 |       0 |       3 | 100.0
            +---------+---------+-------+---------+---------+-------
